 Dungeon Crawl Stone Soup version 0.25-b1-37-g2669288c55 (webtiles) character file.

Game seed: 7253829911513971190

74013 HoaS the Brawler (level 15, -4/104 HPs)
             Began as a Gargoyle Gladiator on June 4, 2020.
             Was the Champion of Zin.
             Slain by Raspi's ghost (10 damage)
             ... on level 1 of the Orcish Mines.
             The game lasted 01:15:07 (26788 turns).

HoaS the Brawler (Gargoyle Gladiator)              Turns: 26788, Time: 01:15:08

Health: -4/104     AC: 31    Str: 31    XL:     15   Next: 45%
Magic:  24/24      EV:  9    Int:  8    God:    Zin [******]
Gold:   1126       SH:  0    Dex: 13    Spells: 14/14 levels left

rFire    . . .     SeeInvis .     - Unarmed
rCold    . . .     Gourm    .   (no shield)
rNeg     + + .     Faith    .   u - +2 shadow dragon scales
rPois    ∞         Spirit   .   b - +0 helmet
rElec    +         Reflect  .   l - +2 cloak
rCorr    .         Harm     .   G - +0 pair of gloves "Opnusurr" {Slay+6} (curse)
MR       ++...                  F - +2 pair of boots of Curiosity {rPois rN+ Str+2 Slay+2}
Stlth    ++........             (no amulet)
HPRegen  0.27/turn              e - ring of protection from magic
MPRegen  0.19/turn              k - +6 ring of strength

@: no status effects
A: big wings, negative energy resistance 1, electricity resistance, unbreathing,
petrification resistance, rot immunity, AC +11
a: Fly, Recite, Vitalisation, Imprison, Sanctuary, Donate Gold, Renounce
Religion


You were on level 1 of the Orcish Mines.
You worshipped Zin.
Zin was exalted by your worship.
You were hungry.

You visited 4 branches of the dungeon, and saw 21 of its levels.
You also visited: Bailey.

You collected 2205 gold pieces.
You spent 888 gold pieces at shops.
You donated 191 gold pieces to Zin.

Inventory:

Missiles
 c - 6 throwing nets (quivered)
Armour
 b - a +0 helmet (worn)
 l - a +2 cloak (worn)
 u - +2 shadow dragon scales (worn)
 F - the +2 pair of boots of Curiosity (worn) {rPois rN+ Str+2 Slay+2}
   (You bought it in a shop on level 2 of the Orcish Mines)

   It affects your strength (+2).
   It affects your accuracy and damage with ranged weapons and melee attacks
   (+2).
   It protects you from poison.
   It protects you from negative energy.
 G - the cursed +0 pair of gloves "Opnusurr" (worn) {Slay+6}
   (You bought it in a shop on level 2 of the Orcish Mines)

   It affects your accuracy and damage with ranged weapons and melee attacks
   (+6).
   It has a curse placed upon it.
Jewellery
 e - a ring of protection from magic (left hand)
 f - an uncursed ring of protection from cold
 i - an uncursed ring of protection from cold
 j - an uncursed amulet of faith
 k - a +6 ring of strength (right hand)
 B - an uncursed ring of see invisible
Wands
 r - a wand of enslavement (10)
 s - a wand of flame (7)
 y - a wand of iceblast (9)
 C - a wand of digging (4)
Scrolls
 h - 11 scrolls of remove curse
 n - 8 scrolls of identify
 q - 3 scrolls of fear
 t - a scroll of teleportation
 v - 3 scrolls of fog
Potions
 a - 7 potions of heal wounds
 m - 4 potions of stabbing
 o - 11 potions of curing
 p - a potion of might
 w - a potion of resistance
 x - 2 potions of mutation
 z - 2 potions of magic
 A - a potion of flight
 D - a potion of haste
Comestibles
 d - 37 rations


   Skills:
 + Level 16.1 Fighting
 - Level 1.7 Throwing
 - Level 2.4 Dodging
 - Level 18.3 Unarmed Combat
 - Level 12.0 Invocations


You had 14 spell levels left.
You didn't know any spells.
Your spell library contained the following spells:

 Spells                   Type           Power        Failure   Level  Hunger
 Animate Skeleton         Necr           N/A          94%         1    ##.....
 Freeze                   Ice            #...         94%         1    ##.....
 Infusion                 Chrm           #...         94%         1    ##.....
 Pain                     Necr           #...         94%         1    ##.....
 Ensorcelled Hibernation  Hex/Ice        #.....       98%         2    ###....
 Shroud of Golubria       Chrm/Tloc      #.....       98%         2    ###....
 Confusing Touch          Hex            #.......     100%        3    ####...
 Frozen Ramparts          Ice            #.....       100%        3    ####...
 Gell's Gravitas          Tloc           #.........   100%        3    ####...
 Ozocubu's Armour         Chrm/Ice       #.......     100%        3    ####...
 Hailstorm                Conj/Ice       #.......     100%        4    #####..
 Ice Form                 Ice/Tmut       #.......     100%        4    #####..
 Petrify                  Tmut/Erth      #.......     100%        4    #####..
 Summon Ice Beast         Ice/Summ       #.......     100%        4    #####..
 Borgnjor's Vile Clutch   Necr/Erth      #.........   100%        5    ######.
 Metabolic Englaciation   Hex/Ice        #.........   100%        5    ######.
 Silence                  Hex/Air        #.........   100%        5    ######.
 Yara's Violent Unravell  Hex/Tmut       #.........   100%        5    ######.
 Darkness                 Hex            #.........   100%        6    #######
 Death Channel            Necr           #.........   100%        6    #######
 Freezing Cloud           Conj/Ice/Air   #.........   100%        6    #######
 Ozocubu's Refrigeration  Ice            #.........   100%        6    #######
 Shadow Creatures         Summ           N/A          100%        6    #######
 Simulacrum               Ice/Necr       #.........   100%        6    #######


Dungeon Overview and Level Annotations

Branches:
Dungeon (12/15)            Temple (1/1) D:5            Lair (6/6) D:11
 Shoals (0/4) Lair:3       Spider (0/4) Lair:4        Slime (0/5) Lair:5
    Orc (2/2) D:11            Elf (0/3) Orc:2        Bailey (visited)

Altars:
Ashenzari
Elyvilon
Fedhas
Gozag
Hepliaklqana
Kikubaaqudgha
Nemelex Xobeh
Okawaru
Qazlal
Ru
Trog
Yredelemnul
Zin
Beogh

Shops:
D:9 *   Orc:1 =   Orc:2 [(

Annotations:
Lair:5 2 transporters, Jeban's ghost, journeyman OpFi
Orc:1 Raspi's ghost, journeyman MiBe


Innate Abilities, Weirdness & Mutations

You are resistant to torment.
Your stone body is resilient. (AC +11)
You are immune to poison.
Your large and strong wings let you fly indefinitely.
You resist negative energy. (rN+)
You are resistant to electric shocks. (rElec)
You can survive without breathing.
You are immune to petrification.
You are immune to rotting.


Message History

Raspi's ghost is heavily damaged.
Raspi's ghost hits you.
* * * LOW HITPOINT WARNING * * *
Raspi's ghost burns you.
* * * LOW HITPOINT WARNING * * *
You punch Raspi's ghost!
Raspi's ghost is heavily damaged.
Raspi's ghost hits you!
* * * LOW HITPOINT WARNING * * *
Raspi's ghost burns you.
* * * LOW HITPOINT WARNING * * *
You pummel Raspi's ghost!! Your punch misses Raspi's ghost.
Raspi's ghost is severely damaged.
You punch Raspi's ghost!
Raspi's ghost is severely damaged.
Raspi's ghost hits you but does no damage.
You hit Raspi's ghost but do no damage.
Raspi's ghost is severely damaged.
Raspi's ghost hits you!
You die...

##...............#....
######.............#.
#$|$#...............
###.≈.#.....#.........
#.#.≈.#.#..........)..
##.#.≈.#...............
#..#.≈.#...............
##..##W##....#..#[)[....
##......@.#.#####.[>[...[
#...^.....###.##..[[)....
##.......................
##...#........#.........
######...............^.
####......#.........
##.##................
#................#...
##.##.#.........###.#


You could see Raspi's ghost (corona).

Vanquished Creatures
  Saint Roka (Orc:2)
  Gastronok (D:12)
  A war gargoyle (D:10)
  An ettin (shapeshifter) (D:10)
  An ettin (Orc:1)
  Josephine (D:11)
  Harold (D:9)
  The ghost of Duaji the Blocker, a journeyman GrFi of Okawaru (Lair:2)
  5 hydras
  4 two-headed ogres
  Erica (D:8)
  A deep troll earth mage (D:10)
  A death yak (Lair:2)
  An orc high priest (Orc:2)
  Urug (D:11)
  Nergalle (Orc:1)
  Pikel (D:5)
  A harpy (D:10)
  An orc knight (Orc:1)
  2 ugly things
  A deep elf mage (D:12)
  3 orc sorcerers (Orc:2)
  2 manticores
  7 elephants
  Maurice (D:8)
  A merfolk siren (Lair:3)
  4 black mambas
  Psyche (D:8)
  14 spiny frogs
  2 gargoyles
  4 rime drakes
  9 komodo dragons
  2 jumping spiders (Lair:4)
  4 trolls
  8 polar bears
  10 blink frogs
  8 hornets
  9 slime creatures
  Prince Ribbit (D:6)
  A dream sheep (Lair:2)
  20 hippogriffs
  A shadow (D:12)
  A vampire (D:10)
  12 spriggans
  4 wraiths
  2 redbacks (Lair:4)
  Eustachio (D:5)
  26 yaks
  11 wyverns
  A steam dragon (Lair:5)
  10 basilisks
  2 hungry ghosts
  3 vampire mosquitoes (D:12)
  3 wargs
  An acid dragon (Lair:5)
  A hell hound (Lair:4)
  5 porcupines
  14 water moccasins
  2 swamp drakes
  2 ice beasts
  2 eyes of draining
  28 orc warriors
  A phantom (D:7)
  2 slaves (D:5)
  3 black bears
  A necrophage (D:10)
  4 boggarts (Lair:6)
  9 ogres
  25 wolves
  11 crocodiles
  4 centaurs
  A big kobold (D:10)
  18 bullfrogs
  A wyvern skeleton (D:11)
  3 scorpions
  3 killer bees (D:11)
  An electric eel (Lair:2)
  2 howler monkeys
  A centaur zombie (D:8)
  6 crimson imps
  2 quasits
  20 orc priests
  10 hounds
  28 orc wizards
  A bullfrog skeleton (D:10)
  2 jellies
  A centaur skeleton (D:10)
  4 iguanas
  Natasha (thrice) (D:4)
  11 worker ants
  2 hound zombies
  2 worker ant zombies
  3 gnolls (D:8)
  A howler monkey skeleton (D:8)
  8 adders
  3 shadow imps
  An ooze (D:7)
  An adder skeleton (D:7)
  2 worms (D:3)
  A dart slug (D:2)
  7 leopard geckos
  114 orcs
  A ball python (D:3)
  4 bats
  3 giant cockroaches
  6 goblins
  5 hobgoblins
  7 jackals
  13 kobolds
  6 quokkas
  2 frilled lizards (D:1)
  A jackal skeleton (D:8)
  A leopard gecko zombie (D:6)
  12 rats
656 creatures vanquished.

Vanquished Creatures (others)
  An orc warrior (D:11)
  A jelly (D:11)
  An orc wizard (Orc:2)
  2 orcs
  A kobold (D:1)
  18 fungi
  6 plants (Lair:6)
30 creatures vanquished.

Grand Total: 686 creatures vanquished

Notes
Turn   | Place    | Note
-------+----------+-------------------------------------------
     0 | D:1      | HoaS the Gargoyle Gladiator began the quest for the Orb.
     0 | D:1      | Reached XP level 1. HP: 12/12 MP: 1/1
   249 | D:1      | Reached XP level 2. HP: 12/18 MP: 2/2
  1211 | D:2      | Reached XP level 3. HP: 20/22 MP: 3/3
  1584 | D:2      | Reached skill level 4 in Unarmed Combat
  1595 | D:2      | Found a hazy altar of Hepliaklqana.
  2441 | D:3      | Reached XP level 4. HP: 10/28 MP: 4/4
  2718 | D:3      | Reached XP level 5. HP: 28/32 MP: 5/5
  2730 | D:3      | Reached skill level 5 in Unarmed Combat
  2889 | D:3      | Found a sacrificial altar of Ru.
  3102 | D:4      | Reached XP level 6. HP: 32/38 MP: 6/6
  3287 | D:4      | Reached skill level 6 in Unarmed Combat
  3556 | D:4      | Noticed Natasha
  3588 | D:4      | Killed Natasha
  3720 | D:4      | Noticed Natasha
  3732 | D:4      | Killed Natasha
  3855 | D:4      | Noticed Natasha
  3865 | D:4      | Killed Natasha
  3941 | D:5      | Entered Level 5 of the Dungeon
  3969 | D:5      | Found a staircase to the Ecumenical Temple.
  3971 | D:5      | Noticed a slave
  3976 | D:5      | Noticed a slave
  3979 | Temple   | Entered the Ecumenical Temple
  3982 | Temple   | Became a worshipper of Zin the Law-Giver
  3982 | Temple   | Reached * piety under Zin
  4020 | D:5      | Killed a slave
  4026 | D:5      | Noticed Pikel
  4027 | D:5      | Killed a slave
  4032 | D:5      | Reached XP level 7. HP: 28/44 MP: 7/7
  4056 | D:5      | Killed Pikel
  4056 | D:5      | Reached skill level 5 in Fighting
  4056 | D:5      | Reached skill level 7 in Unarmed Combat
  4056 | D:5      | Reached XP level 8. HP: 29/51 MP: 7/10
  4267 | D:5      | Reached ** piety under Zin
  4329 | D:5      | Noticed Eustachio
  4381 | D:5      | Killed Eustachio
  4620 | D:5      | Reached skill level 8 in Unarmed Combat
  5164 | D:6      | Noticed Prince Ribbit
  5176 | D:6      | Killed Prince Ribbit
  5182 | D:6      | Reached XP level 9. HP: 23/56 MP: 10/12
  5218 | D:6      | Reached skill level 9 in Unarmed Combat
  6070 | D:7      | Reached skill level 5 in Invocations
  6414 | D:7      | Reached skill level 10 in Unarmed Combat
  6448 | D:7      | Reached *** piety under Zin
  6630 | D:7      | Found a flagged portal.
  6695 | D:7      | Found a basalt altar of Yredelemnul.
  6713 | Bailey   | Entered a bailey
  7310 | D:8      | Noticed Erica
  7332 | D:8      | Killed Erica
  7332 | D:8      | Reached XP level 10. HP: 56/65 MP: 14/14
  7477 | D:8      | Found a white marble altar of Elyvilon.
  7477 | D:8      | Noticed Maurice
  7477 | D:8      | Noticed Psyche
  7503 | D:8      | Killed Psyche
  7503 | D:8      | Reached skill level 11 in Unarmed Combat
  7521 | D:8      | Killed Maurice
  7682 | D:8      | You fall into a shaft and drop 2 floors!
  7682 | D:10     | Entered Level 10 of the Dungeon
  7722 | D:9      | Noticed Harold
  7742 | D:9      | Killed Harold
  7987 | D:8      | Found an iron altar of Okawaru.
  8023 | D:8      | Reached **** piety under Zin
  8158 | D:8      | Noticed a moth of wrath
  8161 | D:8      | Found a bloodstained altar of Trog.
  8162 | D:8      | Found the +7 pair of quick blades "Gyre" and "Gimble"
                  | {protect}
  8448 | D:9      | Found a stormy altar of Qazlal.
  8450 | D:9      | Found a shattered altar of Ashenzari.
  8641 | D:9      | Found an opulent altar of Gozag.
  8644 | D:9      | Found Gozag's Platinum Reserve.
  8857 | D:9      | Found an ancient bone altar of Kikubaaqudgha.
  8858 | D:9      | Found a blossoming altar of Fedhas.
  9004 | D:9      | Reached skill level 12 in Unarmed Combat
  9035 | D:9      | Reached XP level 11. HP: 30/72 MP: 15/17
  9046 | D:9      | Reached skill level 10 in Fighting
  9487 | D:10     | Noticed a two-headed ogre
  9500 | D:10     | Killed a two-headed ogre
  9943 | D:10     | Reached ***** piety under Zin
 10157 | D:10     | Noticed a harpy
 10168 | D:10     | Killed a harpy
 10513 | D:10     | Noticed a war gargoyle
 10521 | D:10     | Killed a war gargoyle
 10787 | D:10     | Identified Sif Muna's Guide on Doomed Self-Knowledge
 10813 | D:10     | Noticed a two-headed ogre
 10831 | D:10     | Killed a two-headed ogre
 10853 | D:10     | Noticed an azure jelly
 10854 | D:10     | Noticed a dire elephant
 10854 | D:10     | an azure jelly changed into a dire elephant
 10855 | D:10     | Noticed a catoblepas
 10855 | D:10     | a dire elephant changed into a catoblepas
 10858 | D:10     | Noticed an entropy weaver
 10858 | D:10     | a catoblepas changed into an entropy weaver
 10859 | D:10     | Noticed a spark wasp
 10859 | D:10     | an entropy weaver changed into a spark wasp
 10860 | D:10     | Noticed a five-headed hydra
 10860 | D:10     | a spark wasp changed into a five-headed hydra
 10863 | D:10     | Noticed an alligator
 10863 | D:10     | a five-headed hydra changed into an alligator
 10873 | D:10     | Noticed an ettin
 10873 | D:10     | an alligator changed into an ettin
 10878 | D:10     | Killed an ettin
 11073 | D:10     | Found the +10 tower shield of Ignorance {rN+ Int-4}
 11106 | D:10     | Noticed a deep troll earth mage
 11117 | D:10     | Killed a deep troll earth mage
 11431 | D:11     | Noticed Urug
 11449 | D:10     | Reached XP level 12. HP: 70/82 MP: 18/18
 11795 | D:10     | Reached skill level 13 in Unarmed Combat
 11819 | D:11     | Killed Urug
 11990 | D:11     | Noticed Josephine
 12019 | D:11     | Killed Josephine
 12463 | D:11     | Found a staircase to the Orcish Mines.
 13021 | D:11     | Found a staircase to the Lair.
 13041 | D:11     | Reached skill level 10 in Invocations
 13141 | Lair:1   | Entered Level 1 of the Lair of Beasts
 13596 | Lair:1   | Noticed an eight-headed hydra
 13607 | Lair:1   | Killed an eight-headed hydra
 13607 | Lair:1   | Reached skill level 14 in Unarmed Combat
 14152 | Lair:2   | Found a runed translucent gate.
 14153 | Lair:2   | Noticed a death yak
 14154 | Lair:2   | Found a runed translucent gate.
 14156 | Lair:2   | Found a runed translucent gate.
 14156 | Lair:2   | Noticed a seven-headed hydra
 14156 | Lair:2   | Noticed Duaji's ghost (journeyman GrFi)
 15028 | Lair:3   | Reached XP level 13. HP: 80/88 MP: 20/20
 15476 | Lair:3   | Found a staircase to the Shoals.
 16459 | Lair:4   | Found a hole to the Spider Nest.
 16489 | Lair:4   | Reached skill level 15 in Unarmed Combat
 17859 | Lair:5   | Found a staircase to the Slime Pits.
 17871 | Lair:5   | Found a transporter.
 17871 | Lair:5   | Noticed Jeban's ghost (journeyman OpFi)
 17908 | Lair:5   | Found a transporter.
 18228 | Lair:5   | Reached ****** piety under Zin
 18535 | Lair:2   | Killed Duaji's ghost
 18549 | Lair:2   | HP: 3/90 [spiny frog (13)]
 18988 | Lair:6   | Entered Level 6 of the Lair of Beasts
 19036 | Lair:5   | Gained mutation: Your large and strong wings let you fly
                  | indefinitely. [Gargoyle growth]
 19036 | Lair:5   | Reached XP level 14. HP: 43/96 MP: 22/22
 19624 | Lair:6   | Reached skill level 16 in Unarmed Combat
 20733 | Lair:6   | Reached skill level 15 in Fighting
 21286 | Lair:6   | Reached skill level 17 in Unarmed Combat
 22735 | D:12     | Noticed Gastronok
 22755 | D:12     | Killed Gastronok
 22755 | D:12     | Reached XP level 15. HP: 25/103 MP: 24/24
 23626 | Orc:1    | Entered Level 1 of the Orcish Mines
 23676 | Orc:1    | Noticed Nergalle
 23686 | Orc:1    | Killed Nergalle
 23794 | Orc:1    | Found Lena's Jewellery Shop.
 24316 | Orc:1    | Found a runed translucent door.
 24316 | Orc:1    | Noticed Raspi's ghost (journeyman MiBe)
 24419 | Orc:2    | Entered Level 2 of the Orcish Mines
 24724 | Orc:2    | Found a staircase to the Elven Halls.
 24959 | Orc:2    | Found a roughly hewn altar of Beogh.
 25235 | Orc:2    | Found a roughly hewn altar of Beogh.
 25239 | Orc:2    | Reached skill level 18 in Unarmed Combat
 25273 | Orc:2    | Found a roughly hewn altar of Beogh.
 25355 | Orc:2    | Found a roughly hewn altar of Beogh.
 25480 | Orc:2    | Noticed Saint Roka
 26012 | Orc:2    | Found Inaizy's Antique Armour Shoppe.
 26013 | Orc:2    | Found a roughly hewn altar of Beogh.
 26014 | Orc:2    | Found Biocior's Antique Weapon Emporium.
 26027 | Orc:2    | Bought a pair of steaming boots for 294 gold pieces
 26027 | Orc:2    | Bought a pair of jewelled gloves for 294 gold pieces
 26037 | Orc:2    | Identified the +2 pair of boots of Curiosity {rPois rN+
                  | Str+2 Slay+2} (You bought it in a shop on level 2 of the
                  | Orcish Mines)
 26047 | Orc:2    | Identified the cursed +0 pair of gloves "Opnusurr" {Slay+6}
                  | (You bought it in a shop on level 2 of the Orcish Mines)
 26119 | Orc:2    | Killed Saint Roka
 26739 | Orc:1    | Bought an uncursed ring of protection from magic for 300
                  | gold pieces
 26785 | Orc:1    | HP: 5/104 [Raspi's ghost (4)]
 26788 | Orc:1    | Slain by Raspi's ghost

Illustrated notes

Levels and vault maps discovered:
D:1:      dpeg_arrival_round_a, layout_loops_corners, st_stairs_7,
          lemuel_flame_loot_1
D:2:      layout_basic, lemuel_round_altar
D:3:      layout_basic, nicolae_ru_the_path_less_chosen, first_ration,
          hangedman_decor_clover_reticule, kennysheep_small_spiral
D:4:      layout_cave_pools, uniq_natasha
D:5:      layout_basic, minmay_temple_entry_ruins, uniq_pikel, uniq_eustachio
D:6:      layout_cave_pools, uniq_prince_ribbit1
D:7:      layout_rooms, lemuel_round_altar, enter_bailey_8
D:8:      layout_loops_cross, grunt_temple_overflow_open, tgw_trog, the_bakery,
          uniq_maurice, uniq_psyche, uniq_erica
D:9:      layout_loops_corners, grunt_temple_overflow_growth_and_decay,
          chequers_temple_overflow_statue_of_worship, minmay_door_square,
          minmay_statues_item, nicolae_gozag_zags_fifth_avenue, uniq_harold
D:10:     minmay_chopped_fan, layout_irregular_city
D:11:     layout_cave_pools, erik_lair_dragon, erik_orc_3, uniq_urug,
          uniq_josephine
D:12:     layout_long_grid, uniq_gastronok
Temple:   nicolae_temple_hex_pool
Lair:1:   layout_chaotic_city, infiniplex_staircase_pool_2
Lair:2:   layout_hall_layers, gammafunk_ghost_split, gammafunk_lair_bear_cave,
          lemuel_fruit_tree
Lair:3:   layout_gridlike, minmay_shoals_entry_lonely_mermaid,
          infiniplex_staircase_pool
Lair:4:   layout_gridlike, spider_nest_entry_a, special_room
          [special_room_mythical_zoo], grunt_megastairs_3, serial_bayou_shore_b
Lair:5:   layout_misc_corridors, slime_dummy, gammafunk_ghost_arena,
          chequers_serial_rivers_micro_b, grunt_forest_stairs_basic,
          guppyfry_lair_drakes
Lair:6:   minmay_lair_end_enchanted_forest, layout_hall_layers
Orc:1:    layout_caves, ebering_ghost_reflecting_pool, serial_shops, shop,
          uniq_nergalle
Orc:2:    grunt_orc_community_town_hall, layout_diamond_mine,
          grunt_orc_community_big_house_2, grunt_orc_community_big_house_2,
          grunt_orc_community_house_1, grunt_orc_community_house_1,
          grunt_orc_community_house_3, grunt_orc_community_house_2,
          grunt_orc_community_house_3, grunt_orc_community_house_2, basic_altar

Skill      XL: |  1  2  3  4  5  6  7  8  9 10 11 12 13 14 15 |
---------------+----------------------------------------------+-----
Unarmed Combat | 4 5 6 7 8 10 12 14 15 17 18 | 18.3
Fighting       | 3 4 5 6 8 9 12 13 14 15 16 | 16.1
Invocations    | 2 4 6 8 9 10 11 12 | 12.0
Throwing       | |  1.7
Dodging        | |  2.4

Action                   |  1- 3 |  4- 6 |  7- 9 | 10-12 | 13-15 || total
-------------------------+-------+-------+-------+-------+-------++-------
Melee: Unarmed           |   135 |   168 |   328 |   682 |  1205 ||  2518
       Punch             |     1 |       |    10 |    44 |   105 ||   160
Throw: Throwing net      |       |       |       |     1 |       ||     1
Invok: Recite            |       |       |     3 |     2 |     4 ||     9
       Vitalisation      |       |       |     1 |     1 |     2 ||     4
 Abil: Fly               |       |       |       |       |     1 ||     1
       Stop Flying       |       |       |       |       |     1 ||     1
  Use: Scroll            |     4 |     3 |     9 |     7 |     6 ||    29
       Potion            |       |       |       |       |     1 ||     1
 Stab: Invisible         |       |       |     2 |     3 |       ||     5
       Sleeping          |       |       |       |     1 |     6 ||     7
       Confused          |       |       |       |     1 |     1 ||     2
       Distracted        |       |       |       |       |     2 ||     2
  Eat: Chunk             |     4 |     5 |     7 |    19 |    28 ||    63
       Ration            |       |       |     2 |     2 |     3 ||     7
Armor: Leather armour    |     8 |       |       |       |       ||     8
       Scale mail        |    49 |    73 |   103 |       |       ||   225
       Chain mail        |       |       |    49 |       |       ||    49
       Plate armour      |       |       |    35 |   174 |       ||   209
       Shadow dragon sca |       |       |       |   245 |   767 ||  1012
Dodge: Dodged            |    67 |    80 |   120 |   237 |   456 ||   960
